 Dungeon Crawl Stone Soup version 0.22-a0-293-gc9362ec4a2 (webtiles) character file.

2653 Infinimo the Carver (level 9, -1/81 HPs)
             Began as a Minotaur Skald on Mar 24, 2018.
             Was a Priest of Okawaru.
             Slain by a chaos spawn (12 damage)
             ... on level 1 of the Abyss.
             The game lasted 00:09:31 (6968 turns).

Infinimo the Carver (Minotaur Skald)                Turns: 6968, Time: 00:09:32

Health: -1/81      AC: 15    Str: 19    XL:     9   Next: 36%
Magic:  10/10      EV:  9    Int: 12    God:    Okawaru [***...]
Gold:   248        SH:  0    Dex: 11    Spells: 9/10 levels left

rFire    . . .     SeeInvis .   a - +1 falchion (flame)
rCold    . . .     Gourm    .   (no shield)
rNeg     . . .     Faith    +   e - +7 chain mail "Ituogh" {Regen+ Str+3}
rPois    .         Spirit   .   (helmet unavailable)
rElec    .         Reflect  .   (no cloak)
rCorr    .         Harm     .   (no gloves)
MR       +....                  (no boots)
Stlth    ..........             b - amulet of faith
HPRegen  0.63/turn              n - ring of protection from magic
MPRegen  0.12/turn              j - ring of stealth

@: lethally poisoned (-1 -> -2), drained
A: retaliatory headbutt, horns 3, talons 1
a: Heroism, Renounce Religion


You were on level 1 of the Abyss.
You worshipped Okawaru.
Okawaru was most pleased with you.
You were very hungry.

You visited 2 branches of the dungeon, and saw 9 of its levels.
You visited the Abyss 1 time.

You collected 430 gold pieces.
You spent 182 gold pieces at shops.

Inventory:

Hand Weapons
 a - a +1 falchion of flaming (weapon)
Armour
 e - the +7 chain mail "Ituogh" (worn) {Regen+ Str+3}
   (You found it on level 6 of the Dungeon)

   It affects your strength (+3).
   It increases your rate of regeneration.
 x - the +2 ring mail of the Armoured One {+Blink rElec rN++ Regen+}
   (You found it on level 7 of the Dungeon)

   It insulates you from electricity.
   It greatly protects you from negative energy.
   It lets you blink.
   It increases your rate of regeneration.
Jewellery
 b - an amulet of faith (around neck)
 f - a cursed amulet of inaccuracy {unknown}
 j - a ring of stealth (right hand)
 n - a ring of protection from magic (left hand)
Wands
 c - a wand of iceblast (11)
 z - a wand of acid (9)
Scrolls
 g - 6 scrolls of identify
 h - 7 scrolls of remove curse
 i - a scroll of amnesia
 k - 3 scrolls of enchant weapon
 m - a scroll of fear
 o - 3 scrolls of teleportation
 r - a scroll of magic mapping
 u - 2 scrolls of enchant armour
 y - a scroll of brand weapon
Potions
 l - a potion of brilliance
 p - a potion of flight
 q - a potion of resistance
 s - 3 potions of curing
 t - 2 potions of haste
 v - a potion of magic
 w - a potion of lignification
Comestibles
 d - 21 rations


   Skills:
 + Level 8.0(6.9) Fighting
 * Level 11.0(9.8) Long Blades
 - Level 1.2(0.3) Armour
 + Level 7.3(6.2) Dodging
 - Level 1.3(0.4) Spellcasting
 - Level 2.0(1.0) Charms


You had 9 spell levels left.
You knew the following spells:

 Your Spells              Type           Power        Failure   Level  Hunger
a - Infusion              Chrm           #...         96%         1    ##.....


Dungeon Overview and Level Annotations

Branches:
Dungeon (8/15)             Temple (1/1) D:4
   Lair: D:8-11

Altars:
Ashenzari
Cheibriados
Dithmenos
Elyvilon
Fedhas
Gozag
Hepliaklqana
Kikubaaqudgha
Makhleb
Nemelex Xobeh
Okawaru
Qazlal
Ru
Sif Muna
Trog
Uskayaw
Vehumet
Wu Jian
Xom
Yredelemnul
Zin
The Shining One

Shops:
D:5 !

Annotations:
D:8 Psyche


Innate Abilities, Weirdness & Mutations

You reflexively headbutt those who attack you in melee.
You have a pair of large horns on your head.
You have sharp toenails.


Message History

The chaos spawn is lightly wounded.
The chaos spawn gores you!
You are poisoned.
The chaos spawn poisons you!
A starcursed mass splits.
You feel sick. The chaos spawn gores you.
You are engulfed in flames!
You feel sick.
You feel sick.
You feel sick.
You feel sick.
You feel sick.
You feel sick.
You feel sick.
The green draconian roars!
The chaos spawn hits you!
* * * LOW HITPOINT WARNING * * *
The chaos spawn freezes you!
* * * LOW HITPOINT WARNING * * *
You feel sick. The chaos spawn gores you!
You die...

#..#.........#
.# #... ..###.
# #
..#.#.#..#####
##.#...#..#
####.#.#.#
###.. #
#.X#####
###4....#
#.@..#.§..#
#....#.#d.§..#
#...###..§##.#
#.#.. #.#.# #
..... ##.#
###.. . .. .
#..


You could see a green draconian, a large abomination and a chaos spawn.

Vanquished Creatures
  Sigmund (D:2)
  An orc warrior (D:6)
  A black bear (D:7)
  2 ice beasts (D:5)
  2 ogres (D:7)
  The ghost of ciphuk the Vandal, an amateur HaHu (D:3)
  3 centaurs
  2 big kobolds
  A bullfrog (D:6)
  3 scorpions
  5 killer bees (D:8)
  4 wights (D:6)
  2 howler monkeys
  2 crimson imps
  5 hounds
  An orc priest (D:5)
  3 orc wizards
  2 bullfrog skeletons
  A centaur skeleton (D:8)
  3 iguanas
  2 worker ants (D:5)
  A hound zombie (D:7)
  Robin (D:4)
  19 adders
  2 oozes
  An adder skeleton (D:6)
  2 worms
  2 dart slugs
  3 leopard geckos
  14 orcs
  8 bats
  8 giant cockroaches
  15 goblins
  11 hobgoblins
  9 jackals
  12 kobolds
  2 quokkas
  3 frilled lizards (D:1)
  A jackal skeleton (D:4)
  A jackal zombie (D:6)
  6 rats
168 creatures vanquished.

Notes
Turn   | Place    | Note
-------+----------+-------------------------------------------
     0 | D:1      | Infinimo the Minotaur Skald began the quest for the Orb.
     0 | D:1      | Reached XP level 1. HP: 18/18 MP: 1/1
   148 | D:1      | Reached skill level 3 in Long Blades
   148 | D:1      | Reached XP level 2. HP: 16/25 MP: 3/3
   445 | D:1      | Reached XP level 3. HP: 31/31 MP: 4/4
   650 | D:2      | Found a shadowy altar of Dithmenos.
   688 | D:2      | Reached skill level 4 in Long Blades
   797 | D:2      | Noticed Sigmund
   812 | D:2      | Reached XP level 4. HP: 36/38 MP: 5/5
   823 | D:2      | HP: 2/57 [something (6)]
   824 | D:2      | Killed Sigmund
   824 | D:2      | Reached skill level 5 in Long Blades
   824 | D:2      | Reached XP level 5. HP: 2/46 MP: 6/6
   850 | D:2      | Found a faded altar of an unknown god.
  1519 | D:2      | Reached XP level 6. HP: 42/52 MP: 7/7
  1742 | D:2      | Found a glowing silver altar of Zin.
  2351 | D:3      | Reached skill level 6 in Long Blades
  2586 | D:3      | Noticed ciphuk's ghost (amateur HaHu)
  2591 | D:3      | Killed ciphuk's ghost
  3061 | D:4      | Reached XP level 7. HP: 57/60 MP: 8/8
  3091 | D:4      | Found a staircase to the Ecumenical Temple.
  3224 | Temple   | Entered the Ecumenical Temple
  3290 | Temple   | Became a worshipper of Warmaster Okawaru
  3312 | D:4      | Noticed Robin
  3332 | D:4      | Gained mutation: You have sharp toenails. [potion of mutation]
  3332 | D:4      | Gained mutation: You have a pair of large horns on your head. [potion of mutation]
  3332 | D:4      | Gained mutation: Your muscles are strong. (Str +2) [potion of mutation]
  3346 | D:4      | Killed Robin
  3346 | D:4      | Reached skill level 5 in Fighting
  3625 | D:4      | Found a blossoming altar of Fedhas.
  3848 | D:5      | Entered Level 5 of the Dungeon
  3867 | D:5      | Reached skill level 7 in Long Blades
  3954 | D:5      | Found Wufrur's Distillery.
  3959 | D:5      | Bought a potion of curing for 42 gold pieces
  3959 | D:5      | Bought a potion of haste for 140 gold pieces
  4119 | D:5      | Found a shattered altar of Ashenzari.
  4129 | D:5      | Reached skill level 5 in Dodging
  4434 | D:5      | Reached * piety under Okawaru
  4434 | D:5      | Reached skill level 8 in Long Blades
  4725 | D:5      | Reached XP level 8. HP: 70/70 MP: 9/9
  5017 | D:6      | Got an ancient chain mail
  5034 | D:6      | Identified the +7 chain mail "Ituogh" {Regen+ Str+3} (You found it on level 6 of the Dungeon)
  5115 | D:6      | Reached skill level 9 in Long Blades
  5307 | D:6      | Found a burning altar of Makhleb.
  5386 | D:6      | Reached ** piety under Okawaru
  5389 | D:6      | Got a creamy pearl robe
  5400 | D:6      | Identified the cursed +1 robe of the Everdark {rC++ Str+8 Stlth-} (You found it on level 6 of the Dungeon)
  5704 | D:7      | Reached skill level 10 in Long Blades
  5866 | D:7      | Reached XP level 9. HP: 67/79 MP: 10/10
  5928 | D:7      | Got a transparent ring mail
  5939 | D:7      | Identified the +2 ring mail of the Armoured One {+Blink rElec rN++ Regen+} (You found it on level 7 of the Dungeon)
  6122 | D:7      | Found an ancient bone altar of Kikubaaqudgha.
  6265 | D:7      | Found the fine robe
  6660 | D:7      | Got a fine robe
  6671 | D:7      | Identified the cursed -5 robe of Misfortune {-Cast *Contam *Tele *Drain EV-5 Stlth-- *Curse} (You found it on level 7 of the Dungeon)
  6711 | D:7      | Lost mutation: Your muscles are strong. (Str +2) [mutagenic glow]
  6822 | D:8      | Reached *** piety under Okawaru
  6822 | D:8      | Reached skill level 11 in Long Blades
  6861 | D:8      | Noticed Psyche
  6870 | D:8      | Cast into level 1 of the Abyss (Psyche)
  6890 | Abyss:1  | Noticed a bone dragon
  6936 | Abyss:1  | Noticed a starcursed mass
  6966 | Abyss:1  | Noticed a green draconian
  6968 | Abyss:1  | Slain by a chaos spawn

Vault maps used:
D:1:      minmay_arrival_doors
D:2:      grunt_dithmenos_smoke_and_mirrors, zin_statuary,
          chequers_ecumenical_altar_simple, minmay_misc_feat_diagonals,
          uniq_sigmund
D:4:      lemuel_coloured_pillars_altar, minmay_temple_entry_junction,
          uniq_robin
D:5:      nicolae_overflow_hidden_temple, first_ration, serial_shops, shop
D:6:      old_standard_altar
D:7:      kennysheep_mini_moat
D:8:      serial_shops, shop, uniq_pikel, uniq_maurice, uniq_psyche
Temple:   nicolae_temple_x_marks_the_god

Skill      XL: |  1  2  3  4  5  6  7  8  9 |
---------------+----------------------------+-----
Long Blades    | 3 4 5 6 8 10 11 | 11.0
Fighting       | 3 4 5 7 8 |  8.0
Dodging        | 3 4 5 6 7 |  7.3
Armour         | |  1.2
Spellcasting   | |  1.3
Charms         | |  2.0

Action                   |  1- 3 |  4- 6 |  7- 9 || total
-------------------------+-------+-------+-------++-------
Melee: Falchion          |    65 |   124 |   253 ||   442
       Headbutt          |    10 |    25 |    43 ||    78
       Kick              |       |       |    76 ||    76
Invok: Heroism           |       |       |     1 ||     1
  Use: Potion            |       |     4 |     3 ||     7
       Scroll            |       |     1 |    15 ||    16
  Eat: Chunk             |       |     7 |    11 ||    18
Armor: Leather armour    |    21 |    24 |    11 ||    56
       Chain mail        |       |       |    86 ||    86
Dodge: Dodged            |    56 |    87 |   128 ||   271
       Rpst.: Falchion   |    16 |    20 |    36 ||    72

Table legend:
 A = Spawn XP
 B = Non-spawn XP
 C = Spawn XP percentage of total XP
 D = Spawn monster count
 E = Non-spawn monster count
 F = Spawn count percentage of total count
 G = Total turns spent on level
                    A         B        C        D         E        F      G
               +---------+---------+-------+---------+---------+-------+---------
         Total |       0 |    3791 |   0.0 |       0 |     168 |   0.0 |  6968
               +---------+---------+-------+---------+---------+-------+---------
           D:1 |       0 |      43 |   0.0 |       0 |      22 |   0.0 |   650
           D:2 |       0 |     346 |   0.0 |       0 |      28 |   0.0 |  1238
           D:3 |       0 |     190 |   0.0 |       0 |      20 |   0.0 |   861
           D:4 |       0 |     211 |   0.0 |       0 |      25 |   0.0 |  1024
           D:5 |       0 |     738 |   0.0 |       0 |      15 |   0.0 |  1139
           D:6 |       0 |     904 |   0.0 |       0 |      30 |   0.0 |   662
           D:7 |       0 |     974 |   0.0 |       0 |      20 |   0.0 |  1085
           D:8 |       0 |     385 |   0.0 |       0 |       8 |   0.0 |   136
               +---------+---------+-------+---------+---------+-------+---------
